 Dungeon Crawl Stone Soup version 0.22-a0-617-g6d95e9e (webtiles) character file.

82352 Gildeon the Severer (level 15, 0/137 HPs)
             Began as a Minotaur Fighter on July 12, 2018.
             Was the Champion of Trog.
             Killed by nerve-wracking pain
             ... invoked by an orc priest
             ... led by an orc knight
              (6 damage)
             ... on level 15 of the Dungeon.
             The game lasted 01:37:20 (18543 turns).

Gildeon the Severer (Minotaur Fighter)             Turns: 18543, Time: 01:37:21

Health: 0/137      AC: 35    Str: 32    XL:     15   Next: 29%
Magic:  21/21      EV: 11    Int:  5    God:    Trog [******]
Gold:   955        SH:  0    Dex: 13    Spells: 14/14 levels left

rFire    + . .     SeeInvis .   a - +2 executioner's axe (drain)
rCold    . . .     Gourm    .   (shield currently unavailable)
rNeg     . . .     Faith    .   m - -1 crystal plate armour
rPois    .         Spirit   .   s - +2 hat
rElec    .         Reflect  .   B - +0 cloak
rCorr    .         Harm     .   X - +0 pair of gloves {Str+3}
MR       +....                  F - +1 pair of boots
Stlth    ..........             j - amulet of regeneration
HPRegen  1.12/turn              y - +6 ring of protection
MPRegen  0.17/turn              P - ring "Dausarokh" {+Blink rF+ Stlth+}

@: confused, mighty
A: retaliatory headbutt, hooves 1, horns 2, slimy green scales 1, regeneration
1, subdued magic 1
a: Berserk, Trog's Hand, Brothers in Arms, Renounce Religion, Evoke Blink


You were on level 15 of the Dungeon.
You worshipped Trog.
Trog was exalted by your worship.
You were not hungry.

You visited 4 branches of the dungeon, and saw 24 of its levels.
You also visited: Ice Cave.

You collected 2506 gold pieces.
You spent 1551 gold pieces at shops.

Inventory:

Hand Weapons
 a - a +2 executioner's axe of draining (weapon)
 b - a +2 battleaxe of flaming
 c - a +1 hand axe of electrocution
 d - a +1 battleaxe of freezing
 e - the +3 hand axe "Urhaosh" {chop, rElec rPois rC+}
   (You found it on level 6 of the Lair of Beasts)

   It inflicts extra damage upon your enemies.
   It protects you from cold.
   It insulates you from electricity.
   It protects you from poison.
 f - a +0 battleaxe
 V - a +3 war axe
Armour
 m - a -1 crystal plate armour (worn)
 s - a +2 hat (worn)
 B - a +0 cloak (worn)
 F - a +1 pair of boots (worn)
 X - a +0 pair of gloves of strength (worn)
Jewellery
 j - an amulet of regeneration (around neck)
 n - a +4 amulet of reflection
 y - a +6 ring of protection (left hand)
 z - an uncursed ring of flight
 D - the ring "Lirrep" {rC+ rN++}
   (You acquired it on level 13 of the Dungeon)

   [ring of protection from cold]

   It protects you from cold.
   It greatly protects you from negative energy.
 L - an uncursed ring of ice
 M - an uncursed ring of positive energy
 O - the ring of Edycoig {Wiz rF+ Int+2 Dex+2}
   (You found it on level 4 of the Lair of Beasts)

   [ring of wizardry]

   It improves your spell success rate.
   It affects your intelligence (+2).
   It affects your dexterity (+2).
   It protects you from fire.
 P - the ring "Dausarokh" (right hand) {+Blink rF+ Stlth+}
   (You found it on level 4 of the Lair of Beasts)

   [ring of protection from fire]

   It protects you from fire.
   It lets you blink.
   It makes you more stealthy.
Wands
 p - a wand of scattershot (13)
 q - a wand of polymorph (31)
 A - a wand of clouds (4)
 G - a wand of paralysis (53)
 K - a wand of acid (9)
 T - a wand of digging (9)
Scrolls
 g - 2 scrolls of fog
 k - 19 scrolls of remove curse
 u - 13 scrolls of teleportation
 C - 7 scrolls of fear
 R - a scroll of identify
 S - 3 scrolls of blinking
Potions
 i - 9 potions of curing
 l - 5 potions of heal wounds
 o - 4 potions of lignification
 v - a potion of haste
 w - 2 potions of mutation
 E - a potion of flight
 H - 5 potions of agility
 I - 4 potions of brilliance
 J - a potion of cancellation
Comestibles
 U - 39 rations


   Skills:
 + Level 13.7 Fighting
 * Level 20.8 Axes
 + Level 11.1 Armour
 - Level 10.0 Dodging
   Level 3.6 Shields
 - Level 10.0 Evocations


You had 14 spell levels left.
You didn't know any spells.
Your spell library was empty.

Dungeon Overview and Level Annotations

Branches:
Dungeon (15/15)            Temple (1/1) D:5            Lair (6/6) D:9
 Shoals (0/4) Lair:2       Spider (0/4) Lair:2        Slime (0/5) Lair:6
    Orc (2/2) D:11            Elf (0/3) Orc:2        Vaults (0/5) D:13
 Depths: D:15

Altars:
Ashenzari
Cheibriados
Dithmenos
Elyvilon
Fedhas
Gozag
Hepliaklqana
Kikubaaqudgha
Makhleb
Nemelex Xobeh
Okawaru
Qazlal
Ru
Sif Muna
Trog
Uskayaw
Vehumet
Wu Jian
Xom
Yredelemnul
Zin
The Shining One
Beogh

Shops:
D:9 ((}[(   D:11 ?   D:12 (*![   Orc:2 ((?%

Portals:
Trove: D:12 (give +6 demon blade)

Annotations:
D:8 Prince Ribbit
Lair:1 exclusion: 4 oklob plants
Lair:4 exclusion: oklob plant
Lair:6 exclusion: 3 oklob plants


Innate Abilities, Weirdness & Mutations

You reflexively headbutt those who attack you in melee.
You have a pair of horns on your head.
You have large cloven feet.
You are partially covered in slimy green scales. (AC +2)
Your natural rate of healing is unusually fast.
Your spells are a little easier to cast, but a little less powerful.


Message History

The orc warrior hits you but does no damage.
You barely miss the orc knight.
The orc knight is moderately wounded.
You miss the orc priest. You slice the cyclops!! You drain the cyclops!
You closely miss the two-headed ogre.
The orc priest no longer looks unusually strong.
The cyclops hits you but does no damage.
The orc priest completely misses you.
The orc knight roars a battlecry!
The orcs go into a battle-frenzy!
You closely miss the two-headed ogre. You slash the cyclops!
You barely miss the orc priest. You closely miss the orc knight.
The orc warrior hits you from afar with a trident.
* * * LOW HITPOINT WARNING * * *
The two-headed ogre hits you with a giant club!
* * * LOW HITPOINT WARNING * * *
The two-headed ogre hits you but does no damage.
The orc priest invokes the aid of Beogh against you.
Pain shoots through your body!
You die...

)............
...........(
......<....#
...........# .
....(......# #..
.....C.[)..#...#
......)o....(#
......)ooO#.##
.......C@.(.#
.#...###......$.
###. ....###.. #
#.#### # #. #.
##


You could see an orc knight, a two-headed ogre, 2 cyclopes, an orc warrior and
an orc priest.

Vanquished Creatures
  A frost giant (IceCv)
  Harold (Orc:1)
  A vault guard (D:13)
  7 hydras
  A centaur warrior (D:14)
  3 catoblepae (Lair:6)
  A death knight (D:13)
  An anaconda (Lair:1)
  2 two-headed ogres
  8 death yaks (Lair:6)
  3 orc high priests (Orc:2)
  Urug (D:10)
  4 unseen horrors
  A skeletal warrior (D:13)
  An iron troll (Orc:1)
  Pikel (D:8)
  5 lindwurms
  4 orc knights (Orc:2)
  6 ugly things
  3 orc sorcerers (Orc:2)
  7 cyclopes
  3 manticores
  A deep elf mage (D:14)
  2 centaur zombies
  Maurice (D:8)
  An ice statue (IceCv)
  2 black mambas (Lair:3)
  6 spiny frogs
  3 gargoyles
  A komodo dragon (Lair:5)
  A kobold demonologist (D:13)
  A freezing wraith (D:14)
  2 rime drakes
  3 efreet
  A centaur skeleton (D:14)
  A queen bee (D:8)
  4 trolls
  21 polar bears
  3 meliai (D:15)
  A hornet (D:10)
  12 blink frogs
  6 hippogriffs
  2 shadows
  A redback (Lair:2)
  2 vampires (D:14)
  82 yaks
  2 wyverns
  4 humans (D:6)
  4 hungry ghosts
  3 basilisks
  Grum (Lair:1)
  6 vampire mosquitoes
  2 wargs
  Edmund (D:5)
  2 soldier ants
  An acid dragon (D:11)
  10 water moccasins
  Duvessa (D:5)
  15 orc warriors
  2 porcupines
  A sky beast (D:6)
  4 ice beasts
  11 ogres
  51 wolves
  9 centaurs
  10 crocodiles
  Blork the orc (D:5)
  4 big kobolds
  20 bullfrogs
  A wyvern skeleton (D:10)
  5 scorpions
  Dowan (D:5)
  A vampire bat (Lair:4)
  25 killer bees
  2 electric eels
  3 howler monkeys
  A crimson imp (D:7)
  2 bullfrog zombies
  6 hounds
  7 jellies
  16 orc wizards
  14 orc priests
  4 bullfrog skeletons
  A gnoll shaman (D:9)
  5 iguanas
  Natasha (thrice) (D:2)
  Terence (D:2)
  9 worker ants
  A hound skeleton (D:10)
  3 worker ant zombies
  A howler monkey zombie (D:7)
  8 gnolls
  13 adders
  A hound simulacrum (D:8)
  4 shadow imps
  A white imp (D:8)
  2 oozes
  An adder skeleton (D:5)
  2 worms (D:2)
  4 dart slugs
  An adder simulacrum (D:8)
  7 leopard geckos
  63 orcs
  13 giant cockroaches
  6 goblins
  10 hobgoblins
  17 jackals
  25 kobolds
  7 quokkas
  A ball python (D:3)
  17 bats
  3 frilled lizards
  2 quokka skeletons
  9 rats
  A fungus (Lair:5)
  A plant (Lair:4)
721 creatures vanquished.

Vanquished Creatures (others)
  An orc wizard (Orc:2)
  A bush (Lair:2)
  4 fungi
  2 plants (Lair:6)
8 creatures vanquished.

Grand Total: 729 creatures vanquished

Notes
Turn   | Place    | Note
-------+----------+-------------------------------------------
     0 | D:1      | Gildeon the Minotaur Fighter began the quest for the Orb.
     0 | D:1      | Reached XP level 1. HP: 19/19 MP: 0/0
   114 | D:1      | Reached XP level 2. HP: 23/27 MP: 1/1
   185 | D:1      | Reached skill level 3 in Axes
   349 | D:1      | Reached skill level 1 in Dodging
   356 | D:1      | Reached XP level 3. HP: 28/33 MP: 2/2
   924 | D:2      | Noticed Natasha
   935 | D:2      | Killed Natasha
   935 | D:2      | Reached skill level 4 in Axes
   935 | D:2      | Reached XP level 4. HP: 36/40 MP: 3/3
  1093 | D:2      | Noticed Natasha
  1096 | D:2      | Killed Natasha
  1148 | D:2      | Reached XP level 5. HP: 47/47 MP: 4/4
  1412 | D:2      | Noticed Terence
  1417 | D:2      | Killed Terence
  1434 | D:2      | Noticed Natasha
  1443 | D:2      | Killed Natasha
  1959 | D:3      | Gained mutation: Your spells are a little harder to cast, but a little more powerful. [potion of mutation]
  1959 | D:3      | Gained mutation: Your mind is acute. (Int +2) [potion of mutation]
  1960 | D:3      | Lost mutation: Your mind is acute. (Int +2) [potion of mutation]
  1960 | D:3      | Lost mutation: Your spells are a little harder to cast, but a little more powerful. [potion of mutation]
  1960 | D:3      | Gained mutation: Potions are less effective at restoring your health. [potion of mutation]
  1960 | D:3      | Gained mutation: Your spells are a little easier to cast, but a little less powerful. [potion of mutation]
  1960 | D:3      | Gained mutation: Your muscles are strong. (Str +2) [potion of mutation]
  1960 | D:3      | Gained mutation: Your muscles are very strong. (Str +4) [potion of mutation]
  2137 | D:3      | Reached skill level 5 in Axes
  2584 | D:4      | Reached XP level 6. HP: 50/55 MP: 5/5
  2615 | D:4      | Reached skill level 5 in Fighting
  2615 | D:4      | Reached skill level 5 in Armour
  3025 | D:4      | Reached skill level 1 in Evocations
  3057 | D:4      | Reached skill level 6 in Axes
  3174 | D:4      | You fall through a shaft!
  3174 | D:5      | Entered Level 5 of the Dungeon
  3200 | D:5      | Reached XP level 7. HP: 59/61 MP: 6/6
  3294 | D:5      | Noticed Duvessa
  3296 | D:5      | Noticed Dowan
  3305 | D:5      | Killed Dowan
  3309 | D:5      | Killed Duvessa
  3309 | D:5      | Reached skill level 7 in Axes
  3823 | D:5      | Noticed Edmund
  3834 | D:5      | Killed Edmund
  3853 | D:5      | Reached XP level 8. HP: 68/68 MP: 8/8
  3931 | D:5      | Found a bloodstained altar of Trog.
  3937 | D:5      | Became a worshipper of Trog the Wrathful
  4018 | D:5      | Noticed Blork the orc
  4035 | D:5      | Killed Blork the orc
  4035 | D:5      | Reached skill level 8 in Axes
  4309 | D:5      | Found a staircase to the Ecumenical Temple.
  4314 | Temple   | Entered the Ecumenical Temple
  4707 | D:6      | Lost mutation: Potions are less effective at restoring your health. [potion of mutation]
  4707 | D:6      | Lost mutation: Your muscles are very strong. (Str +4) [potion of mutation]
  4707 | D:6      | Lost mutation: Your muscles are strong. (Str +2) [potion of mutation]
  4707 | D:6      | Gained mutation: You have large cloven feet. [potion of mutation]
  4707 | D:6      | Gained mutation: You are partially covered in slimy green scales. (AC +2) [potion of mutation]
  4707 | D:6      | Gained mutation: Your natural rate of healing is unusually fast. [potion of mutation]
  4744 | D:6      | Reached skill level 5 in Dodging
  4888 | D:6      | Reached skill level 9 in Axes
  4939 | D:6      | Reached skill level 10 in Axes
  4997 | D:6      | Reached XP level 9. HP: 74/74 MP: 11/11
  5521 | D:7      | Reached skill level 5 in Evocations
  5639 | D:7      | Reached * piety under Trog
  5639 | D:7      | Reached skill level 11 in Axes
  6142 | D:7      | Found an iron altar of Okawaru.
  6288 | D:8      | Found a hazy altar of Hepliaklqana.
  6316 | D:8      | Found a sacrificial altar of Ru.
  6324 | D:8      | Reached ** piety under Trog
  6370 | D:8      | Reached skill level 12 in Axes
  6501 | D:8      | Noticed Maurice
  6519 | D:8      | Killed Maurice
  6519 | D:8      | Reached XP level 10. HP: 86/86 MP: 12/12
  6645 | D:8      | Reached *** piety under Trog
  6731 | D:8      | Reached skill level 13 in Axes
  6782 | D:8      | Noticed an angel
  6783 | D:8      | Found a glowing silver altar of Zin.
  6902 | D:8      | Noticed Prince Ribbit
  6924 | D:8      | Noticed Pikel
  6935 | D:8      | Killed Pikel
  7277 | D:9      | Found Keteun's Weapon Emporium.
  7343 | D:9      | Found a stormy altar of Qazlal.
  7387 | D:9      | Found Pixzy's Antique Armour Boutique.
  7408 | D:9      | Found Voyt's Gadget Shop.
  7454 | D:9      | Found Vofrob's Antique Weapon Shoppe.
  7527 | D:9      | Found a staircase to the Lair.
  7562 | D:9      | Reached XP level 11. HP: 85/97 MP: 13/13
  7564 | D:9      | Reached skill level 14 in Axes
  7669 | D:9      | Found Senax Wes's Weapon Boutique.
  7841 | Lair:1   | Entered Level 1 of the Lair of Beasts
  7867 | Lair:1   | Noticed an eight-headed hydra
  7880 | Lair:1   | Killed a four-headed hydra
  7996 | Lair:1   | Noticed an oklob plant
  7996 | Lair:1   | Noticed an oklob plant
  7996 | Lair:1   | Noticed an oklob plant
  7996 | Lair:1   | Noticed an oklob plant
  8206 | Lair:1   | Noticed Grum
  8214 | Lair:1   | Killed Grum
  8226 | Lair:1   | Reached **** piety under Trog
  8251 | Lair:1   | Noticed Nergalle
  8257 | Lair:1   | Noticed Nergalle
  8257 | Lair:1   | Nergalle changed into Nergalle the anaconda
  8262 | Lair:1   | Killed Nergalle the anaconda
  8262 | Lair:1   | Reached skill level 10 in Fighting
  8619 | Lair:1   | Reached skill level 15 in Axes
  8887 | Lair:2   | Noticed a four-headed hydra
  8915 | Lair:2   | Killed a one-headed hydra
  8915 | Lair:2   | Reached skill level 10 in Armour
  8943 | Lair:2   | Reached XP level 12. HP: 40/106 MP: 13/15
  9086 | Lair:2   | Reached ***** piety under Trog
  9172 | Lair:2   | Reached skill level 16 in Axes
  9182 | Lair:2   | Found a staircase to the Shoals.
  9215 | Lair:2   | Found a hole to the Spider Nest.
 10013 | Lair:3   | Noticed a seven-headed hydra
 10028 | Lair:3   | Killed a one-headed hydra
 10478 | Lair:4   | Found a frozen archway.
 10492 | IceCv    | Entered an ice cave
 10606 | IceCv    | Reached skill level 17 in Axes
 10858 | IceCv    | Received a gift from Trog
 11045 | IceCv    | Reached XP level 13. HP: 106/113 MP: 17/17
 11168 | IceCv    | Noticed a frost giant
 11189 | IceCv    | Killed a frost giant
 11449 | Lair:4   | Reached skill level 18 in Axes
 11862 | Lair:4   | Got a translucent wooden ring
 11864 | Lair:4   | Got a coiled turquoise ring
 11897 | Lair:4   | Identified the ring "Dausarokh" {+Blink rF+ Stlth+} (You found it on level 4 of the Lair of Beasts)
 11899 | Lair:4   | Identified the ring of Edycoig {Wiz rF+ Int+2 Dex+2} (You found it on level 4 of the Lair of Beasts)
 12652 | Lair:6   | Entered Level 6 of the Lair of Beasts
 12698 | Lair:6   | Reached skill level 10 in Dodging
 12957 | Lair:6   | Reached skill level 19 in Axes
 13076 | Lair:6   | Reached XP level 14. HP: 116/122 MP: 19/19
 13207 | Lair:6   | Got a fine hand axe
 13211 | Lair:6   | Identified the +3 hand axe "Urhaosh" {chop, rElec rPois rC+} (You found it on level 6 of the Lair of Beasts)
 13986 | D:10     | Entered Level 10 of the Dungeon
 14031 | D:10     | Reached ****** piety under Trog
 14039 | D:10     | Received a gift from Trog
 14146 | D:10     | Noticed Urug
 14159 | D:10     | Killed Urug
 14480 | D:11     | Found Xediem Xont's Magic Scroll Shoppe.
 14511 | D:11     | Bought a scroll of identify for 30 gold pieces
 14511 | D:11     | Bought a scroll of identify for 30 gold pieces
 14511 | D:11     | Bought a scroll of identify for 30 gold pieces
 14511 | D:11     | Bought a scroll of identify for 30 gold pieces
 14511 | D:11     | Bought a scroll of identify for 30 gold pieces
 14775 | D:11     | Received a gift from Trog
 15000 | D:11     | Found a staircase to the Orcish Mines.
 15015 | D:11     | Found a roughly hewn altar of Beogh.
 15209 | Orc:1    | Entered Level 1 of the Orcish Mines
 15209 | Orc:1    | Noticed a stone giant
 15210 | Orc:1    | a stone giant changed into an iron troll
 15388 | Orc:2    | Entered Level 2 of the Orcish Mines
 15390 | Orc:2    | Found a staircase to the Elven Halls.
 15489 | Orc:2    | Reached skill level 20 in Axes
 15605 | Orc:2    | Reached skill level 10 in Evocations
 15621 | Orc:2    | Received a gift from Trog
 15624 | Orc:2    | Paralysed by an orc sorcerer for 5 turns
 15657 | Orc:2    | Found Kehaucuv's Magic Scroll Boutique.
 15657 | Orc:2    | Found Lalygh's Food Emporium.
 15659 | Orc:2    | Found Defit's Antique Weapon Emporium.
 15659 | Orc:2    | Found Inoisk's Weapon Boutique.
 15672 | Orc:2    | Bought a scroll of acquirement for 676 gold pieces
 15672 | Orc:2    | Bought a scroll of acquirement for 676 gold pieces
 15987 | Orc:1    | Noticed Harold
 15997 | Orc:1    | Killed Harold
 16444 | D:12     | Found Gujiedo's Distillery.
 16450 | D:12     | Found Umaa's General Store.
 16475 | D:12     | Bought a scroll of magic mapping for 49 gold pieces
 16613 | D:12     | Found Qieb's Antique Armour Shoppe.
 16698 | D:12     | Found Botwaeva's Antique Weapon Shoppe.
 16951 | D:12     | Found a portal to a secret trove of treasure.
 17192 | D:13     | Got a sparkling iron ring
 17194 | D:13     | Identified the ring "Lirrep" {rC+ rN++} (You acquired it on level 13 of the Dungeon)
 17690 | D:13     | Reached XP level 15. HP: 133/136 MP: 21/21
 17702 | D:13     | Found a gate to the Vaults.
 18138 | D:14     | Found a shadowy altar of Dithmenos.
 18306 | D:14     | Found a hide-covered altar of Uskayaw.
 18510 | D:15     | Entered Level 15 of the Dungeon
 18516 | D:15     | Received a gift from Trog
 18543 | D:15     | HP: 6/137 [two-headed ogre/giant club (10)]
 18543 | D:15     | Killed from afar by an orc priest

Vault maps used:
D:1:      dpeg_arrival_shelter, minmay_surrounded
D:2:      minmay_roachtagon, first_ration, minmay_tromino_mix6, uniq_natasha,
          uniq_terence
D:5:      lightli_temple_of_fire, minmay_temple_entry_nine_rooms,
          uniq_blork_the_orc, uniq_edmund, uniq_duvessa
D:6:      minmay_ruffians
D:7:      okawaru_altar_gauntlet_db
D:8:      kennysheep_mini_moat, zin_angel, serial_ice, serial_ice_f,
          serial_ice_a, serial_ice_b, serial_ice_o, st_stairs_2, david_nohive_1,
          nicolae_ru_great_annihilating_truth, uniq_pikel, uniq_prince_ribbit1,
          uniq_maurice
D:9:      lair_entry_dummy, serial_shops, shop, shop, nicolae_shop_stone, shop,
          shop, grunt_qazlal_clouds
D:10:     uniq_urug
D:11:     minmay_orc_entry_temple_small, serial_shops, shop,
          nicolae_two_hexagons
D:12:     nicolae_whirlpool, nicolae_trove_entry_diagonal, serial_shops, shop,
          nicolae_shop_temple_entry_statues_fountains,
          nicolae_shop_window_shopping, shop
D:13:     david_vaults_5
D:14:     grunt_dithmenos_smoke, basic_altar, kennysheep_path_1
D:15:     hangedman_depths_entry_try_elsewhere_first, nrook_pool_corridor,
          interstate_on_off
Temple:   hc_temple_tempest_star
Lair:1:   serial_bayou_shore_b, minmay_lair_oklob_chamber, grunt_megastairs_2,
          uniq_nergalle, uniq_grum
Lair:2:   elwin_shoals_entry_rocks, spider_nest_entry_rubble,
          grunt_forest_large_clearings, infiniplex_staircase_pool
Lair:4:   minmay_lair_oklob_tunnel, portal_ice_cave_entry_pillars_1,
          roderic_batcave, minmay_lindwurm_lava, serial_bayou_shore_a
Lair:5:   cheibrodos_lair_caveside_slide, minivault_23
Lair:6:   evilmike_catoblepas_cave, minmay_slime_entry_oklob_open
Orc:1:    enter_volcano_2, abandoned_shop, uniq_harold
Orc:2:    grunt_orc_tribal_feast
IceCv:    ice_cave_caverns_01

Skill      XL: |  1  2  3  4  5  6  7  8  9 10 11 12 13 14 15 |
---------------+----------------------------------------------+-----
Axes           | 3 4 5 6 7 10 12 13 15 17 19 20 | 20.8
Dodging        | 1 2 3 4 5 6 8 10 | 10.0
Fighting       | 4 5 7 9 10 13 | 13.7
Armour         | 4 5 6 8 10 11 | 11.1
Evocations     | 1 2 4 5 7 9 10 | 10.0
Shields        | |  3.6

Action                   |  1- 3 |  4- 6 |  7- 9 | 10-12 | 13-15 || total
-------------------------+-------+-------+-------+-------+-------++-------
Melee: War axe           |    77 |   125 |    36 |       |       ||   238
       Headbutt          |    16 |    26 |    54 |   127 |   213 ||   436
       Battleaxe         |       |       |   268 |   668 |   476 ||  1412
       Kick              |       |       |    53 |    40 |       ||    93
       Hand axe          |       |       |       |    29 |    30 ||    59
       Executioner's axe |       |       |       |       |   311 ||   311
Evoke: Wand              |       |       |     6 |    25 |    36 ||    67
  Use: Scroll            |     4 |     8 |     7 |     9 |    25 ||    53
       Potion            |       |     2 |     1 |     5 |     7 ||    15
 Stab: Paralysed         |       |       |     4 |       |       ||     4
  Eat: Chunk             |       |     4 |     8 |     8 |    24 ||    44
       Ration            |       |     1 |     1 |     2 |     2 ||     6
Armor: Scale mail        |    39 |    21 |       |       |       ||    60
       Crystal plate arm |       |    92 |   339 |   900 |   764 ||  2095
Dodge: Dodged            |    51 |    43 |   103 |   322 |   347 ||   866

Table legend:
 A = Spawn XP
 B = Non-spawn XP
 C = Spawn XP percentage of total XP
 D = Spawn monster count
 E = Non-spawn monster count
 F = Spawn count percentage of total count
 G = Total turns spent on level
                    A         B        C        D         E        F      G
               +---------+---------+-------+---------+---------+-------+---------
         Total |       0 |  117647 |   0.0 |       0 |     719 |   0.0 | 18543
               +---------+---------+-------+---------+---------+-------+---------
           D:1 |       0 |      60 |   0.0 |       0 |      29 |   0.0 |   703
           D:2 |       0 |     237 |   0.0 |       0 |      39 |   0.0 |  1166
           D:3 |       0 |      70 |   0.0 |       0 |      13 |   0.0 |   702
           D:4 |       0 |     416 |   0.0 |       0 |      17 |   0.0 |  1006
           D:5 |       0 |     884 |   0.0 |       0 |      21 |   0.0 |   780
           D:6 |       0 |    1692 |   0.0 |       0 |      25 |   0.0 |   762
           D:7 |       0 |     923 |   0.0 |       0 |      29 |   0.0 |   750
           D:8 |       0 |    5058 |   0.0 |       0 |      66 |   0.0 |  1057
           D:9 |       0 |    2937 |   0.0 |       0 |      23 |   0.0 |   604
          D:10 |       0 |    3867 |   0.0 |       0 |      27 |   0.0 |   494
          D:11 |       0 |    5875 |   0.0 |       0 |      57 |   0.0 |   735
          D:12 |       0 |    3259 |   0.0 |       0 |      23 |   0.0 |   665
          D:13 |       0 |    9959 |   0.0 |       0 |      34 |   0.0 |   776
          D:14 |       0 |    8066 |   0.0 |       0 |      20 |   0.0 |   704
          D:15 |       0 |    4003 |   0.0 |       0 |      17 |   0.0 |    33
        Lair:1 |       0 |    4854 |   0.0 |       0 |      18 |   0.0 |  1053
        Lair:2 |       0 |    7223 |   0.0 |       0 |      47 |   0.0 |   876
        Lair:3 |       0 |    4399 |   0.0 |       0 |      17 |   0.0 |   568
        Lair:4 |       0 |    5305 |   0.0 |       0 |      27 |   0.0 |   903
        Lair:5 |       0 |    4879 |   0.0 |       0 |      15 |   0.0 |   750
        Lair:6 |       0 |   19031 |   0.0 |       0 |      46 |   0.0 |  1190
         Orc:1 |       0 |    1747 |   0.0 |       0 |       2 |   0.0 |   507
         Orc:2 |       0 |    9262 |   0.0 |       0 |      53 |   0.0 |   643
         IceCv |       0 |   13641 |   0.0 |       0 |      54 |   0.0 |   775
               +---------+---------+-------+---------+---------+-------+---------
